 Dungeon Crawl Stone Soup version 0.26-a0-505-g732bf3b8d2 (webtiles) character file.

Game seed: 12707767583293669908

44 KristoblXynda the Ducker (level 3, 0/27 HPs)
             Began as a Vampire Gladiator on Aug 9, 2020.
             Was an Initiate of Ru.
             Succumbed to a gnoll's poison
             ... on level 2 of the Dungeon.
             The game lasted 00:01:37 (1366 turns).

KristoblXynda the Ducker (Vampire Gladiator)        Turns: 1366, Time: 00:01:38

Health: 0/27       AC:  6    Str: 14    XL:     3   Next: 41%
Magic:  3/3        EV: 12    Int: 10    God:    Ru [......]
Gold:   81         SH:  0    Dex: 15    Spells: 2/2 levels left

rFire    . . .     SeeInvis +   a - +0 long sword
rCold    . . .     Faith    .   (no shield)
rNeg     . . .     Spirit   .   g - +0 ring mail
rPois    .         Reflect  .   c - +0 helmet
rElec    .         Harm     .   (no cloak)
rCorr    .                      (no gloves)
MR       .....                  (no boots)
Stlth    +.........             (no amulet)
HPRegen  0.29/turn              (no ring)
MPRegen  0.08/turn              (no ring)

@: lethally poisoned (0 -> -6), regenerating quickly
A: fangs 3, see invisible, unbreathing
a: Exsanguinate, Renounce Religion


You were on level 2 of the Dungeon.
You worshipped Ru.
Ru was noncommittal.
You visited 1 branch of the dungeon, and saw 3 of its levels.

You collected 81 gold pieces.

Inventory:

Hand Weapons
 a - a +0 long sword (weapon)
Missiles
 d - 3 throwing nets (quivered)
Armour
 c - a +0 helmet (worn)
 g - a +0 ring mail (worn)
Jewellery
 j - an uncursed ring of fire
Scrolls
 b - a scroll of enchant armour {unknown}
 e - a scroll of fog {unknown}
 f - 3 scrolls of amnesia {unknown}
 h - 2 scrolls of remove curse {unknown}
 i - a scroll of identify {unknown}
 k - a scroll of random uselessness {unknown}


   Skills:
 + Level 2.2 Fighting
 + Level 3.4 Long Blades
 + Level 2.1 Throwing
 + Level 3.7 Dodging


You had 2 spell levels left.
You didn't know any spells.
Your spell library was empty.

Dungeon Overview and Level Annotations

Branches:
Dungeon (3/15)

Altars:
Fedhas
Qazlal
Ru


Innate Abilities, Weirdness & Mutations

Your natural rate of healing is unusually fast.
You have razor-sharp teeth.
You have supernaturally acute eyesight. (SInv)
You can survive without breathing.


Message History

There is a lethal amount of poison in your body!
There is a lethal amount of poison in your body!
Unknown command.
There is a lethal amount of poison in your body!
* * * LOW HITPOINT WARNING * * *
You feel sick.
* * * LOW HITPOINT WARNING * * *
You feel sick.
There is a lethal amount of poison in your body!
* * * LOW HITPOINT WARNING * * *
You feel sick.
* * * LOW HITPOINT WARNING * * *
You feel sick.
* * * LOW HITPOINT WARNING * * *
You feel sick.
* * * LOW HITPOINT WARNING * * *
You feel sick.
* * * LOW HITPOINT WARNING * * *
You feel sick.
You die...

####.#####..............#
#.##.##
...........####.#..##.#.###.##>#
.###............#..##....##.##.#
.# ##############..##.###.#.##.#
.# #..##.# #......## .#
#..##.###.#.##... .####
#........##.#####
....#############.#####.###.#
.##..........)>.@.# #.....#
################### #######


There were no monsters in sight!

Vanquished Creatures
  A gnoll (D:2)
  3 worms (D:2)
  A leopard gecko (D:2)
  A ball python (D:1)
  A giant cockroach (D:2)
  2 goblins
  4 hobgoblins
  A quokka (D:2)
  5 bats
  A frilled lizard (D:1)
  A kobold (D:1)
  5 rats
26 creatures vanquished.

Notes
Turn   | Place    | Note
-------+----------+-------------------------------------------
     0 | D:1      | KristoblXynda the Vampire Gladiator began the quest for the
                  | Orb.
     0 | D:1      | Reached XP level 1. HP: 16/16 MP: 1/1
   294 | D:1      | Reached XP level 2. HP: 14/22 MP: 2/2
   577 | D:2      | Found a stormy altar of Qazlal.
   692 | D:2      | Found a blossoming altar of Fedhas.
  1036 | D:2      | Reached XP level 3. HP: 27/27 MP: 3/3
  1098 | D:2      | Found a sacrificial altar of Ru.
  1101 | D:2      | Found a stormy altar of Qazlal.
  1117 | D:2      | Became a worshipper of Ru the Awakened
  1365 | D:2      | HP: 1/27 [poisoned by a gnoll]
  1366 | D:2      | Succumbed to a gnoll's poison

Illustrated notes

Levels and vault maps discovered:
D:1:      nagdon_arrival_zigzag_paths, layout_basic, hangedman_decor_points,
          minmay_misc_feat_nine_boxes
D:2:      layout_loops_ring, nicolae_overflow_crystal_walls, minitemple,
          minmay_hexomino_r4
D:3:      layout_basic, minmay_misc_feat_alley, uniq_grinder

Skill      XL: |  1  2 |
---------------+-------+-----
Fighting       | 2 |  2.2
Throwing       | 2 |  2.1
Long Blades    | |  3.4
Dodging        | |  3.7

Action                   || total
-------------------------++-------
Melee: Long sword        ||    83
       Bite              ||     8
 Stab: Sleeping          ||     1
Armor: Leather armour    ||     7
       Ring mail         ||    26
Dodge: Dodged            ||    56
       Rpst.: Long sword ||    17

Table legend: (Time is in decaauts)
 A = Elapsed time spent in this place.
 B = Non-inter-level travel time spent in this place.
 C = Inter-level travel time spent in this place.
 D = Time resting spent in this place.
 E = Time spent auto-exploring this place.
 F = Levels seen in this place.
 G = Mean time per level.
                   A        B        C        D        E       F      G
               +--------+--------+--------+--------+--------+-----+--------+
         Total |   1384 |   1378 |      6 |     24 |   1058 |   3 |  461.3 |
       Dungeon |   1384 |   1378 |      6 |     24 |   1058 |   3 |  461.3 |
               +--------+--------+--------+--------+--------+-----+--------+

Top non-repeatable levels by time:
     D:2: 856 daAuts
     D:1: 524 daAuts
     D:3: 4 daAuts
